[Event "*** Titled Tuesday Blitz"]
[Site "Chess.com"]
[Date "2019.01.01"]
[Round "7"]
[White "MFguimaraes"]
[Black "PlotnikovPavel"]
[Result "1/2-1/2"]
[WhiteElo "2322"]
[BlackElo "2381"]
[TimeControl "180+2"]
[EndTime "14:40:03 PST"]
[Termination "Game drawn by repetition"]

1. e4 e6 2. d4 d5 3. Bd3 dxe4 4. Bxe4 Nf6 5. Bf3 Be7 6. Ne2 O-O 7. O-O Nbd7 8. c4 e5 9. Nbc3 exd4 10. Nxd4 Ne5 11.
Be2 Bg4 12. Be3 Bxe2 13. Qxe2 Qc8 14. Bf4 Ng6 15. Bg3 Re8 16. Qf3 Nd7 17. Nd5 Nde5 18. Qh5 c6 19. Bxe5 cxd5 20. cxd5 Bc5 21. Nf3 Nxe5 22.
Nxe5 g6 23. Qg5 Qd8 24. Nf3 Qxg5 25. Nxg5 Re5 26. Rac1 Rxd5 27. Ne4 Be7 28. Rfd1 Re5 29. f3 f5 30. Ng3 Bc5+ 31. Kf1 Rae8 32. Re1 Rxe1+ 33.
Rxe1 Rxe1+ 34. Kxe1 Kf7 35. Kd2 Ke6 36. Kd3 Kd5 37.
Ne2 Bd6 38. h3 Be5 39. b3 b5 40. g4 fxg4 41. fxg4 a5 42. a4 bxa4 43. bxa4 h5 44.
gxh5 gxh5 45. Nc3+ Bxc3 46. Kxc3 Kc5 47. h4 Kd5 48.
Kd3 Ke5 49. Ke3 Kd5 50. Kd3 Kc5 51. Kc3 Kd5 52. Kd3 1/2-1/2

[Event "*** Titled Tuesday Blitz"]
[Site "Chess.com"]
[Date "2019.01.01"]
[Round "7"]
[White "pedroholly22"]
[Black "kacprekt"]
[Result "1-0"]
[WhiteElo "2269"]
[BlackElo "2366"]
[TimeControl "180+2"]
[EndTime "14:40:06 PST"]
[Termination "pedroholly22 won by resignation"]

1. e4 c5 2. Nf3 e6 3. d4 cxd4 4. Nxd4 Nc6 5. Nc3 Qc7 6. Be3 Nf6 7. Qf3 Nxd4 8. Bxd4 e5 9. Be3 Bb4 10. Bd2 d6 11. a3 Bxc3 12. Bxc3 Be6 13. Rg1 O-O 14. g4 Qc6 15. Bg2 Bxg4 16. Qg3 Be6 17. O-O-O g6 18.
f4 Nh5 19. Qh4 Nxf4 20. Bf3 f6 21. Kb1 Rf7 22. Bd2 Rc8 23. Rc1 Qc4 24. b3 Qb5 25.
Bg4 Bxg4 26. Qxg4 Qd7 27. Bxf4 Qxg4 28. Rxg4 exf4 29. Rxf4 Kg7 30. Rd1 Rc6 31. c4 Re7 32. Kb2 Re6 33. Rd5 Rc7 34. Kc3 Rce7 35. Kd3 h5 36. h4 Kh6 37. b4 g5 38. Rxf6+ Rxf6 39. hxg5+ Kg6 40. gxf6 Kxf6 41. Rxd6+ Kg5 42. Rd8 h4 43.
Ke3 Kg4 44. Rg8+ Kh3 45. c5 Kh2 46. Kf4 h3 47. e5 Rf7+ 48. Ke4 Rf1 49. e6 Kh1 50.
Kd5 h2 51. e7 Rd1+ 52. Kc4 Rc1+ 53. Kb5 Re1 54. e8=Q Rxe8 55. Rxe8 Kg1 56. Rg8+ Kf1 57. Rh8 Kg1 58. c6 bxc6+ 59. Kxc6 h1=Q+ 60. Rxh1+ Kxh1 61. Kb7 Kg2 62. Kxa7 Kf3 63. b5 Ke4 64. b6 Kd5 65. b7 Kc6 66. b8=Q 1-0

[Event "*** Titled Tuesday Blitz"]
[Site "Chess.com"]
[Date "2019.01.01"]
[Round "7"]
[White "Saitama_Hero"]
[Black "TreinadorBR"]
[Result "1-0"]
[WhiteElo "2381"]
[BlackElo "2241"]
[TimeControl "180+2"]
[EndTime "14:40:06 PST"]
[Termination "Saitama_Hero won on time"]

1. e4 c5 2. Nf3 e6 3. c4 Nc6 4. Nc3 Nd4 5. g3 g6 6. Bg2 Bg7 7. O-O Ne7 8. d3 Nec6 9. Be3 O-O 10. Qd2 Re8 11. Ne1 d6 12. f4 Rb8 13. Nf3 a6 14.
g4 b5 15. f5 exf5 16. gxf5 bxc4 17. dxc4 Nxf3+ 18. Bxf3 Bxf5 19. Bg5 Bd4+ 20. Kh1 f6 21. exf5 fxg5 22. Bxc6 Re5 23. fxg6 hxg6 24. Bd5+ Kg7 25. Rf7+ Kh6 26. Qg2 Qc8 27. Ne4 Rxb2 28. Qg3 Rxe4 29. Bxe4 Be5 30. Qf3 Rxh2+ 31. Kg1 Rh3 32. Rh7+ Kxh7 33.
Qf7+ Kh8 34. Rf1 Bd4+ 35. Rf2 Bxf2+ 36. Kxf2 Rh4 37. Qf6+ Kg8 38. Qxg6+ Kf8 39. Qf6+ Ke8 40. Bg6+ 1-0

[Event "*** Titled Tuesday Blitz"]
[Site "Chess.com"]
[Date "2019.01.01"]
[Round "7"]
[White "Iyael"]
[Black "sandager"]
[Result "1-0"]
[WhiteElo "2169"]
[BlackElo "1998"]
[TimeControl "180+2"]
[EndTime "14:40:08 PST"]
[Termination "Iyael won on time"]

1. e4 e5 2. Nf3 Nc6 3. Nc3 Nf6 4.
d4 exd4 5. Nxd4 Bb4 6. Nxc6 bxc6 7. Bd3 O-O 8. O-O d5 9. exd5 cxd5 10. Bg5 Bxc3 11. bxc3 c6 12. c4 Qd6 13. Bh4 Bg4 14. Qd2 d4 15. Rfe1 Rfe8 16. h3 Bh5 17. Bg3 Qc5 18. Qf4 Bg6 19. Bh4 Rxe1+ 20. Rxe1 Re8 21. Rxe8+ Nxe8 22. Qb8 Kf8 23. Bg3 a5 24. Kh2 a4 25.
Qd8 a3 26. h4 Qe7 27. Qxd4 h5 28. c5 Kg8 29. Bxg6 fxg6 30. Bd6 Qe6 31. c4 Nf6 32. f3 Qe2 33. Be5 Kf7 34. Bxf6 gxf6 35. Qd7+ Kg8 36. Qd8+ Kg7 37. Qd7+ Kg8 38. Qxc6 Qxa2 39. Qxf6 Qxc4 40. Qxg6+ Kf8 41. Qf6+ Kg8 42. c6 a2 43. Kh3 Qf7 44.
Qxf7+ Kxf7 45. c7 a1=Q 46. c8=Q Qe5 47. Qd7+ Kg6 48. Qc6+ Kg7 49. Qe4 Qf6 50. g4 hxg4+ 51. Qxg4+ Kh6 52. Kg3 Kh7 53. Qg5 Qd6+ 54. Kg4 Qd4+ 55.
Kh5 Qd6 56. Qf5+ Kg7 57. Kg4 1-0

[Event "*** Titled Tuesday Blitz"]
[Site "Chess.com"]
[Date "2019.01.01"]
[Round "7"]
[White "Gr3egor"]
[Black "Maili15"]
[Result "1-0"]
[WhiteElo "2456"]
[BlackElo "2295"]
[TimeControl "180+2"]
[EndTime "14:40:08 PST"]
[Termination "Gr3egor won by checkmate"]

1. e4 c5 2. b3 b6 3. Bb2 Bb7 4. d3 e6 5. Nd2 d5 6. Ngf3 Nf6 7. e5 Nfd7 8. c3 Nc6 9. d4 Be7 10. Bb5 a6 11. Bd3 Qc7 12. Rc1 f6 13. exf6 Bxf6 14.
O-O O-O 15. c4 Nxd4 16. Bxd4 cxd4 17. cxd5 Qd6 18. dxe6 Qxe6 19. Rc7 Qd6 20. Rxb7 Nc5 21. Bc4+ Kh8 22. Rf7 Rfe8 23. Re1 b5 24. Bf1 Qd5 25. Rc7 Qd6 26. Rxc5 Qxc5 27. Ne4 Qb6 28. Nxf6 Rxe1 29. Nxe1 Qxf6 30. Nc2 Rc8 31. Bd3 g6 32. Qe2 Kg7 33. g3 Rc3 34. Qe4 Rc7 35. Nxd4 Re7 36. Qd5 Rf7 37. f4 Re7 38. Kg2 Qb6 39. Nf3 Qe3 40. Ne5 Qd2+ 41. Kh3 Qxa2 42. Qd6 Rb7 43. Be4 Ra7 44. Qd4 Rc7 45. Ng4+ Kf7 46. Bd5+ Ke8 47.
Qe5+ Kd7 48. Nf6+ Kc8 49. Qe8# 1-0

[Event "*** Titled Tuesday Blitz"]
[Site "Chess.com"]
[Date "2019.01.01"]
[Round "7"]
[White "ehrenfeld"]
[Black "1e41-0"]
[Result "0-1"]
[WhiteElo "2441"]
[BlackElo "2566"]
[TimeControl "180+2"]
[EndTime "14:40:11 PST"]
[Termination "1e41-0 won by resignation"]

1. e4 e6 2. d3 d5 3. Qe2 Be7 4.
Nf3 Nf6 5. g3 O-O 6. Bg2 c5 7.
e5 Nfd7 8. c4 b5 9. O-O Nc6 10.
cxb5 Na5 11. Qc2 a6 12. a4 f6 13. exf6 Bxf6 14. Nc3 Bb7 15. Bd2 c4 16. dxc4 Nxc4 17. Rad1 Qb6 18. Bc1 Rac8 19. Qe2 Kh8 20. Ng5 Nde5 21.
Kh1 h6 22. Nh3 Ng6 23. Qh5 Ne7 24. Nf4 Bxc3 25. bxc3 e5 26. Nh3 axb5 27. axb5 d4 28.
cxd4 Bxg2+ 29. Kxg2 Qxb5 30. Kg1 Qc6 31. dxe5 Rf5 32.
Qe2 Rxe5 33. Qd3 Rd5 34. Qe2 Ne5 35. f4 Rxd1 36. Qxd1 Qb6+ 37. Nf2 Nc4 38. Qe2 Qc5 39. Re1 Nf5 40. Kg2 Nd4 41. Qe4 Nd6 42. Qe5 Qc6+ 43. Ne4 Nc2 44. Qxd6 Nxe1+ 45. Kh3 Qxe4 0-1

[Event "*** Titled Tuesday Blitz"]
[Site "Chess.com"]
[Date "2019.01.01"]
[Round "7"]
[White "florianschwabeneder"]
[Black "Winehouse83"]
[Result "1-0"]
[WhiteElo "2460"]
[BlackElo "2400"]
[TimeControl "180+2"]
[EndTime "14:40:15 PST"]
[Termination "florianschwabeneder won by resignation"]

1. d4 Nf6 2. Bf4 c5 3. e3 g6 4. c3 cxd4 5. exd4 Bg7 6. Bd3 O-O 7. Nf3 b6 8. a4 a6 9. Nbd2 Bb7 10. h3 d6 11. O-O Nbd7 12. Bg5 Re8 13. Re1 h6 14.
Bh4 Qc7 15. Qb3 Rac8 16. Rad1 Nh5 17. Bxg6 Nhf6 18. Bxf7+ Kh8 19. Bxe8 Rxe8 20. Qf7 Bd5 21. Qg6 Nf8 22. Qd3 Bf7 23. Nf1 Nh5 24. Bg3 Ng6 25.
Qf5 Nf6 26. Nh4 Nxh4 27. Bxh4 Rf8 28. Ne3 Bb3 29. Ra1 e6 30. Qg6 Nd5 31. Nxd5 Bxd5 32. Re3 Qf7 33. Qxf7 Rxf7 34. Rae1 e5 35. dxe5 dxe5 36.
Rxe5 Bxe5 37. Rxe5 Bb3 38. Re8+ Kh7 39. Rb8 Bxa4 40. Rxb6 Bb5 41. b3 Be2 42. c4 a5 43.
f3 a4 44. bxa4 Bxc4 45. a5 Ra7 46. Be1 Re7 47. Bb4 Re2 48. a6 Ra2 49. Rb7+ Kg6 50. a7 Ra1+ 51. Kh2 Bf1 52. Bc5 Ra2 53. Rb2 Rxb2 54. a8=Q Rxg2+ 55. Kh1 Rg5 56. Qe4+ Kf7 57. Qe7+ Kg6 58. Qe6+ Kh5 59. Qf7+ Kh4 60. Be7 Bg2+ 61. Kh2 Bxf3 62. Qxf3 h5 1-0

[Event "*** Titled Tuesday Blitz"]
[Site "Chess.com"]
[Date "2019.01.01"]
[Round "7"]
[White "MFBerna"]
[Black "dmosesov"]
[Result "1-0"]
[WhiteElo "2339"]
[BlackElo "2354"]
[TimeControl "180+2"]
[EndTime "14:40:19 PST"]
[Termination "MFBerna won on time"]

1. e4 c5 2. Nf3 d6 3. d4 cxd4 4. Qxd4 a6 5. Nc3 Nc6 6. Qe3 g6 7. h3 Bg7 8. Bc4 Nf6 9. Bb3 O-O 10.
O-O Nd7 11. Bd2 Nc5 12. Rad1 b5 13. Bc1 Bb7 14. Qg5 b4 15. Nd5 Nxe4 16. Qh4 Nf6 17. Ng5 h6 18. Nxf7 Rxf7 19. Nxf6+ exf6 20. Qg3 Qe7 21. Rfe1 Qf8 22. Qxg6 Ne5 23. Rxe5 fxe5 24. Bxh6 d5 25. Rxd5 Bxd5 26. Bxd5 Rd8 27. Be4 Qc5 28.
Qh7+ Kf8 29. Bxg7+ Rxg7 30. Qh8+ Ke7 31. Qxg7+ Kd6 32.
Qf6+ Kc7 33. g3 Rd2 34. h4 Qd4 35. Qc6+ Kd8 36. Qf6+ Kc7 37. Bg2 e4 38. Qxd4 Rxd4 39. h5 Rd5 40. g4 1-0

[Event "*** Titled Tuesday Blitz"]
[Site "Chess.com"]
[Date "2019.01.01"]
[Round "7"]
[White "abubakrtagelsir"]
[Black "HouseOfDurin"]
[Result "1-0"]
[WhiteElo "2253"]
[BlackElo "1866"]
[TimeControl "180+2"]
[EndTime "14:40:22 PST"]
[Termination "abubakrtagelsir won by resignation"]

1. e4 c5 2. Nc3 Nc6 3. f4 g6 4. Nf3 Bg7 5. Bb5 d6 6. d3 Bd7 7. Bxc6 Bxc6 8. O-O e6 9. d4 cxd4 10. Nxd4 Ne7 11. f5 Bxd4+ 12. Qxd4 Qb6 13. Qxb6 axb6 14.
fxe6 fxe6 15. Be3 b5 16. a3 Rf8 17. Rxf8+ Kxf8 18. Rd1 d5 19. Rf1+ Kg8 20. Bc5 Re8 21. Bxe7 Rxe7 22. e5 Rf7 23. Ne2 Rxf1+ 24. Kxf1 g5 25.
Nd4 Bd7 26. g4 Kg7 27. Kf2 Kg6 28. Ke3 h5 29. h3 hxg4 30. hxg4 Kf7 31. b4 Be8 32.
Nf3 Kg6 33. Kd4 b6 34. Ng1 Kh6 35. Ne2 Bg6 36. Nc3 Bxc2 37. Nxb5 Bd1 38. a4 Bxa4 39.
Nc7 Bd7 40. Na8 b5 41. Nc7 Kg7 42. Na6 Kf8 43. Nc5 Ke7 44. Nb3 Be8 45. Nd2 Bg6 46. Nf3 Bc2 47. Nxg5 Bd1 48. Kc5 Bxg4 49. Kxb5 Be2+ 50.
Kc5 Ba6 51. b5 Bc8 52. Nf3 Kf7 53. Nd4 Kg6 54. Kd6 Kg5 55. b6 Kf4 56. Nxe6+ Bxe6 57. b7 d4 58. b8=Q d3 59. Kxe6 d2 60. Qd6 d1=Q 61. Qxd1 1-0

[Event "*** Titled Tuesday Blitz"]
[Site "Chess.com"]
[Date "2019.01.01"]
[Round "7"]
[White "x-3738459472"]
[Black "BartoszSocko"]
[Result "0-1"]
[WhiteElo "2534"]
[BlackElo "2670"]
[TimeControl "180+2"]
[EndTime "14:40:23 PST"]
[Termination "BartoszSocko won by checkmate"]

1. e4 e6 2. d4 d5 3. Nd2 Nf6 4. e5 Nfd7 5. Bd3 c5 6. c3 b6 7. Ndf3 Ba6 8. Bxa6 Nxa6 9. Nh3 Nc7 10. O-O h6 11. Nf4 c4 12. Re1 Be7 13. b3 b5 14. a4 a6 15. b4 a5 16. bxa5 b4 17. cxb4 Bxb4 18. Ba3 Bxa3 19. Rxa3 O-O 20. Nh5 Qe7 21.
Rae3 Rfb8 22. Nd2 Ne8 23. Rg3 Nf8 24. Nf3 Ng6 25. Qd2 Qb4 26. Qc1 Qb2 27. Qe3 Rb3 28. Qc1 Qxc1 29. Rxc1 Rxa5 30. Nd2 Rb2 31. Nb1 Rxa4 32. Nc3 Ra3 33. f4 Kf8 34. f5 Nh4 35. fxe6 fxe6 36. Rf1+ Nf5 37. Nxd5 Rxg3 38. Nxg3 exd5 39.
Nxf5 Nc7 40. Nxh6+ Ke8 41. Nf5 Ne6 42. h4 g6 43. Nd6+ Kd7 44. Rf7+ Kc6 45. Rf6 c3 46. Rxe6 c2 47. Nc4+ Kc7 48. Nxb2 c1=Q+ 49. Kh2 Qxb2 50. Rxg6 Qxd4 51. Rg7+ Kc6 52. Kh3 Qxe5 53. Rg5 Qe3+ 54. g3 d4 55. Rg6+ Kd5 56. h5 Qe4 57. Rg5+ Ke6 58. Rg4 Qh1# 0-1

[Event "*** Titled Tuesday Blitz"]
[Site "Chess.com"]
[Date "2019.01.01"]
[Round "7"]
[White "MissingLife"]
[Black "Vamostodorecto"]
[Result "0-1"]
[WhiteElo "2452"]
[BlackElo "2414"]
[TimeControl "180+2"]
[EndTime "14:40:24 PST"]
[Termination "Vamostodorecto won on time"]

1. Nf3 d5 2. c4 Nf6 3. g3 g6 4. Bg2 Bg7 5. cxd5 Nxd5 6. Nc3 O-O 7. Qb3 Nb6 8. O-O Nc6 9. Rd1 a5 10. d4 a4 11. Qc2 Bg4 12. d5 Ne5 13. Nxe5 Bxe5 14.
Qe4 Bxc3 15. bxc3 Qd7 16. Bh6 Rfe8 17. Qd4 f6 18. c4 Bxe2 19. c5 Bxd1 20. Rxd1 Nc8 21.
Qh4 c6 22. Bh3 f5 23. Qd4 e5 24. Qc4 cxd5 25. Rxd5 Qf7 26. Bf1 Ne7 27. Rd7 Rad8 28. Rxb7 Rd1 29. Kg2 Qd5+ 30. Qxd5+ Nxd5 31. Bc4 Rd4 32. Rg7+ Kh8 33. Bb5 Rc8 34. Rd7 Nc3 35. Bg7+ Kg8 36.
Rxd4 exd4 37. Bd7 Rd8 38. Bxd4 Rxd7 39. Bxc3 Rd5 40. Bb4 Kf7 41. a3 Ke6 42. h4 Rd3 43. Kf1 Kd5 44. Ke2 Rb3 45. Kf1 h6 46. Kg2 Rxb4 47.
axb4 a3 0-1

[Event "*** Titled Tuesday Blitz"]
[Site "Chess.com"]
[Date "2019.01.01"]
[Round "7"]
[White "Jospem"]
[Black "Grandelicious"]
[Result "1/2-1/2"]
[WhiteElo "2804"]
[BlackElo "2696"]
[TimeControl "180+2"]
[EndTime "14:40:29 PST"]
[Termination "Game drawn by agreement"]

1. c4 e5 2. g3 Nf6 3. Bg2 Bc5 4. e3 d5 5. cxd5 Nxd5 6. a3 O-O 7. d3 Nc6 8. Nc3 Nxc3 9. bxc3 Bf5 10. d4 Bd6 11.
Nf3 Qd7 12. O-O Rad8 13. Re1 Rfe8 14. Bb2 Bh3 15. Bh1 Qf5 16. Qb1 Qh5 17. Nd2 Na5 18. Bf3 Bg4 19. Bg2 b6 20. a4 exd4 21. cxd4 Bb4 22.
Qc2 Bxd2 23. Qxd2 Nb3 24. Qc3 Nxa1 25. d5 f6 26. e4 Nc2 27. Qxc2 Qxd5 28. f3 Qd2 29.
Qxd2 Rxd2 30. Bc1 Rxg2+ 31. Kxg2 Be6 32. a5 Rd8 33. Bf4 c5 34. axb6 axb6 35. Rb1 Bf7 36. Rxb6 Rc8 37. Rb2 h6 38. g4 Rd8 39. Rb7 Rc8 40. e5 fxe5 41. Bxe5 Re8 42. Bb2 Re3 43.
Kf2 Rxf3+ 44. Kxf3 Bd5+ 45. Kf4 Bxb7 46. h4 Kf7 47. h5 Ba6 48. Bc3 Be2 49. Be5 g5+ 50. hxg6+ Kxg6 51. Bd6 c4 52. Be5 Kf7 53. Bc3 Ke6 54.
Kg3 Kd5 55. Bd2 Ke4 56. Bxh6 Bxg4 1/2-1/2

[Event "*** Titled Tuesday Blitz"]
[Site "Chess.com"]
[Date "2019.01.01"]
[Round "7"]
[White "TheBigBadChessDad"]
[Black "pandamaster3000"]
[Result "0-1"]
[WhiteElo "2266"]
[BlackElo "2217"]
[TimeControl "180+2"]
[EndTime "14:40:32 PST"]
[Termination "pandamaster3000 won by resignation"]

1. e4 e6 2. d4 d5 3. Nc3 Nf6 4.
exd5 exd5 5. Bg5 Be7 6. Bd3 Nc6 7. Nge2 h6 8. Bh4 Bg4 9. h3 Bxe2 10. Nxe2 Qd7 11. g4 g6 12. c3 O-O-O 13. Qa4 Kb8 14. Bb5 g5 15. Bg3 Ne4 16. Bxc6 Qxc6 17. Qxc6 bxc6 18. b4 h5 19. f3 hxg4 20. fxe4 dxe4 21.
h4 gxh4 22. Be5 f6 23. Bf4 f5 24. Kf2 Rdf8 25. Rag1 Bd6 26. Ke3 Kc8 27. Bxd6 cxd6 28. Nf4 Rf6 29. a4 a6 30. c4 Kd7 31. d5 c5 32. bxc5 dxc5 33. Rb1 Kc8 34. Rb3 h3 35. Rhb1 Rfh6 36. Ne6 Rxe6 37. dxe6 h2 38.
Rb8+ Kc7 39. Rxh8 g3 40. e7 g2 41. Kf2 h1=Q 42. Rbxh1 gxh1=Q 43. Rxh1 Kd7 44. Rh7 f4 45. Rf7 Ke8 46. Rxf4 Kxe7 47. Rxe4+ Kd6 48. a5 Kc6 49. Re6+ Kb7 50. Rb6+ Ka7 51. Rxa6+ Kxa6 52. Ke3 Kxa5 53. Ke4 Ka4 54. Ke5 Kb3 55. Kd5 Kb4 56. Ke4 Kxc4 57.
Ke3 Kb3 58. Kd2 c4 59. Kc1 Kc3 60. Kd1 Kb2 0-1

[Event "*** Titled Tuesday Blitz"]
[Site "Chess.com"]
[Date "2019.01.01"]
[Round "7"]
[White "shnitez"]
[Black "IakovUlivar"]
[Result "1/2-1/2"]
[WhiteElo "2558"]
[BlackElo "2496"]
[TimeControl "180+2"]
[EndTime "14:40:36 PST"]
[Termination "Game drawn by repetition"]

1. e4 e5 2. Nf3 Nc6 3. Bc4 Bc5 4. d3 Nf6 5. Nc3 d6 6. a3 h6 7. Na4 Bb6 8. Nxb6 axb6 9. h3 Ne7 10. Ba2 Ng6 11. O-O O-O 12. Nh2 Qe7 13. Be3 Be6 14.
Ng4 Bxa2 15. Rxa2 Qe6 16. Nxf6+ Qxf6 17. Qg4 Rfe8 18. Raa1 Nf4 19. Kh2 h5 20. Qf3 g6 21.
g3 Nd5 22. Qe2 Nxe3 23. fxe3 Qg5 24. Rf2 f5 25. exf5 gxf5 26. Qf3 e4 27. dxe4 Rxe4 28.
Qxf5 Qxf5 29. Rxf5 Rxe3 30. Rg1 Rf8 31. Rxf8+ Kxf8 32.
Rg2 Kg7 33. Kg1 Rf3 34. g4 h4 35. Kh2 Kg6 36. Re2 Kg5 37. c3 Kf4 38. Kg2 Rg3+ 39. Kh2 Kf3 40. Rd2 Ke3 41. Rg2 Rf3 42. g5 Rf7 43. g6 Rg7 44. Rg4 d5 45. Kg2 c5 46.
Rxh4 Rxg6+ 47. Rg4 Rf6 48. h4 Rf2+ 49. Kg3 Rf3+ 50.
Kg2 Rf2+ 51. Kg3 Rf3+ 52. Kg2 Rf2+ 53. Kg3 1/2-1/2

[Event "*** Titled Tuesday Blitz"]
[Site "Chess.com"]
[Date "2019.01.01"]
[Round "7"]
[White "dolynachess"]
[Black "andresgv36"]
[Result "1-0"]
[WhiteElo "2384"]
[BlackElo "2348"]
[TimeControl "180+2"]
[EndTime "14:40:36 PST"]
[Termination "dolynachess won on time"]

1. d4 Nf6 2. c4 g6 3. Nc3 Bg7 4. e4 d6 5. Nf3 O-O 6. Be2 e5 7. d5 Na6 8. Be3 Ng4 9. Bg5 f6 10. Bh4 Qe8 11. Nd2 Nh6 12. f3 f5 13.
a3 c5 14. dxc6 bxc6 15. b4 Nc7 16. b5 Be6 17. bxc6 Qxc6 18. Nd5 Bxd5 19. cxd5 Qd7 20. Rc1 Nb5 21. Qa4 a6 22. Bf2 fxe4 23. Nxe4 Nf5 24.
O-O Bh6 25. Rc6 Nbd4 26. Bd3 Nxc6 27. dxc6 Qd8 28. Rd1 Ne3 29. Bxe3 Bxe3+ 30. Kh1 Kg7 31. Bc4 Qh4 32. c7 Qe7 33. Rxd6 Kh6 34. Rd7 Qh4 35.
Qd1 Rac8 36. Bxa6 Ra8 37. Bb7 Rxa3 38. c8=Q Rxc8 39. Bxc8 Bd4 40. Qc1+ g5 41. g3 Qh5 42.
Rd6+ Kg7 43. Qxg5+ Qxg5 44. Nxg5 Ra2 45. Ne6+ Kf7 46.
Nxd4 exd4 47. Rxd4 Rc2 48. Bg4 Kg7 49. Rd5 Rc1+ 50. Kg2 1-0

[Event "*** Titled Tuesday Blitz"]
[Site "Chess.com"]
[Date "2019.01.01"]
[Round "7"]
[White "salomez"]
[Black "northridgehawk"]
[Result "1-0"]
[WhiteElo "2150"]
[BlackElo "2238"]
[TimeControl "180+2"]
[EndTime "14:40:38 PST"]
[Termination "salomez won by resignation"]

1. e4 c5 2. Nf3 d6 3. d4 cxd4 4. Nxd4 Nf6 5. Nc3 a6 6. Bc4 e6 7. Bb3 Be7 8. Bg5 O-O 9. Qe2 b5 10. O-O-O Qc7 11. f4 Nbd7 12. Bxe6 fxe6 13. Nxe6 Qa5 14.
Nxf8 Nxf8 15. e5 dxe5 16. fxe5 Nd5 17. Bxe7 Nxe7 18. Rhf1 Be6 19. a3 b4 20. Nb1 bxa3 21. Nxa3 Rc8 22. Rd6 Nf5 23. Rxa6 Qd5 24. Qd2 Nd4 25.
Kd1 Bg4+ 26. Ke1 Qxe5+ 27. Kf2 Ng6 28. Kg1 Ne2+ 29. Kh1 h5 30. Rxg6 Bf5 31. Rg5 g6 32. c3 Kh7 33. Nc2 Rh8 34. Re1 Re8 35. Nd4 Ng3+ 36.
hxg3 Qxe1+ 37. Qxe1 Rxe1+ 38. Kh2 Rf1 39. Nxf5 gxf5 40.
Rxh5+ Kg7 41. Rh4 Rb1 42. Rb4 Kg6 43. Rb6+ Kg5 44. b4 Rb3 45. Rc6 Rb1 46. Rc5 Kg4 47. b5 Rb3 48. c4 Rxg3 49. Rxf5 Rb3 50. Rc5 Kf4 51. Rc6 Ke4 52. b6 Kd4 53. c5 Kd5 54. Rc7 Rb4 55. b7 Rh4+ 56. Kg3 Rb4 57. c6 Kd6 58.
Rc8 Rb3+ 59. Kf4 Rb4+ 60. Ke3 Rb3+ 61. Kd4 Rb4+ 62. Kc3 Rb6 63. b8=Q+ Rxb8 64. Rxb8 Kc7 1-0

[Event "*** Titled Tuesday Blitz"]
[Site "Chess.com"]
[Date "2019.01.01"]
[Round "7"]
[White "Firouzja2003"]
[Black "tigra"]
[Result "0-1"]
[WhiteElo "2969"]
[BlackElo "2781"]
[TimeControl "180+2"]
[EndTime "14:40:39 PST"]
[Termination "tigra won by resignation"]

1. d4 e6 2. c4 c5 3. d5 exd5 4. cxd5 d6 5. Nc3 g6 6. h4 Nf6 7. Bf4 a6 8. Qd3 b5 9. h5 Nxh5 10. Rxh5 gxh5 11. Ne4 Bf5 12. Qc3 f6 13. Nxf6+ Kf7 14.
Nxh5 Rg8 15. Nf3 Bg4 16. Ng3 Bg7 17. Qc2 Bxf3 18. gxf3 Qf6 19. Nf5 Bf8 20. a4 b4 21.
e3 b3 22. Qxb3 Qxf5 23. Qb7+ Nd7 24. Qxa8 Bh6 25. Qc6 Bxf4 26. O-O-O Be5 27. Bd3 Qh3 28. f4 Bh8 29. Qxd6 Rb8 30. f5 Rb7 31. Qe6+ Kf8 32. Rg1 Bxb2+ 33. Kc2 Bg7 34. d6 Qh4 35. Qe7+ Qxe7 36.
dxe7+ Kxe7 37. Rxg7+ Kd6 38. Rxh7 Rb4 39. Rh6+ Kc7 40.
Rxa6 c4 41. Be2 Nc5 42. Kc3 Nxa6 43. f6 Kd8 44. e4 Rxa4 45. e5 Nc5 46. Bxc4 Ne4+ 47.
Kd4 Nd2 48. Kd5 Nxc4 49. e6 Nb6+ 50. Kd6 Nc8+ 0-1

[Event "*** Titled Tuesday Blitz"]
[Site "Chess.com"]
[Date "2019.01.01"]
[Round "7"]
[White "riconaipe"]
[Black "Kazakov_Konstantin"]
[Result "1-0"]
[WhiteElo "2442"]
[BlackElo "2550"]
[TimeControl "180+2"]
[EndTime "14:40:41 PST"]
[Termination "riconaipe won by resignation"]

1. d4 Nf6 2. c4 e6 3. Nc3 c5 4. d5 exd5 5. cxd5 d6 6. e4 g6 7. Nge2 Bg7 8. Ng3 O-O 9. Be2 h5 10. O-O h4 11. Nh1 Re8 12. f3 a6 13. a4 Nbd7 14.
Nf2 Ne5 15. Be3 Bd7 16. Qd2 Qc7 17. h3 Bc8 18. f4 Ned7 19. Bf3 Rb8 20. Rab1 c4 21.
Rfc1 Nc5 22. b4 cxb3 23. e5 dxe5 24. d6 Qa5 25. fxe5 Rxe5 26. Bf4 Nfd7 27. Bxe5 Nxe5 28. Nce4 Qxd2 29. Nxd2 b6 30. Nxb3 Nxa4 31. Na5 Nxf3+ 32. gxf3 Bf5 33. Nc6 Re8 34. Ne7+ Kh7 35. Nxf5 gxf5 36.
Rc4 b5 37. Rc7 Rd8 38. Rd1 Kg6 39. d7 Bf6 40. Rc8 Nb6 41. Rxd8 Bxd8 42. Nd3 f6 43. Nc5 Kf7 44. Nxa6 Nc4 45. Nb4 Ne5 46. f4 Nc4 47.
Nc6 Bb6+ 48. Kh1 Ne3 49. d8=Q Bxd8 50. Rxd8 Ke6 51. Rb8 Kd5 52. Ne7+ Ke4 53. Rxb5 Kxf4 54. Nd5+ Nxd5 55. Rxd5 Kg3 56. Rxf5 Kxh3 57. Rxf6 Kg3 1-0

[Event "*** Titled Tuesday Blitz"]
[Site "Chess.com"]
[Date "2019.01.01"]
[Round "7"]
[White "GulamaliRises"]
[Black "ramses135"]
[Result "0-1"]
[WhiteElo "2613"]
[BlackElo "2489"]
[TimeControl "180+2"]
[EndTime "14:40:46 PST"]
[Termination "ramses135 won by resignation"]

1. e4 c5 2. Nf3 Nc6 3. Nc3 Nf6 4.
Bb5 g6 5. O-O Bg7 6. h3 Nd4 7.
Bc4 d6 8. d3 O-O 9. Nxd4 cxd4 10.
Ne2 e5 11. c3 d5 12. exd5 Nxd5 13. cxd4 exd4 14. Nf4 Nxf4 15. Bxf4 Qb6 16. Re1 Bf5 17.
Re7 Bf6 18. Re2 Rfe8 19. Qd2 Rxe2 20. Qxe2 Bd7 21. Re1 Re8 22. Qxe8+ Bxe8 23. Rxe8+ Kg7 24. Rc8 g5 25. Bg3 h5 26. Rc7 h4 27. Rxf7+ Kg6 28. Bc7 Qxb2 29. a4 Qb1+ 30. Kh2 Qc2 31. f4 gxf4 32. Bxf4 Qxa4 33. Rf8 b5 34. Bd5 Qc2 35.
Be4+ Kg7 36. Rb8 Qf2 37. Rb7+ Kf8 38. Bd6+ Kg8 39. Rb8+ Kf7 40. Rb7+ Ke6 41. Bb8 Be5+ 42. Bxe5 Kxe5 43. Rxb5+ Ke6 44. Rb7 a5 45. Rb6+ Ke7 46. Rb7+ Kd6 47. Ra7 Qg3+ 48. Kg1 Qe1+ 49. Kh2 Kc5 50.
Rc7+ Kb4 51. Rb7+ Kc3 52. Ra7 Kc2 53. Rc7+ Kd2 54. Ra7 Ke3 55. Ra8 Qb4 56. Rh8 a4 57. Rxh4 a3 58. Rg4 a2 59. Rg3+ Kd2 60. h4 a1=Q 61. h5 Qd6 0-1

[Event "*** Titled Tuesday Blitz"]
[Site "Chess.com"]
[Date "2019.01.01"]
[Round "7"]
[White "tteshan"]
[Black "JSMastropiero"]
[Result "1-0"]
[WhiteElo "2151"]
[BlackElo "2271"]
[TimeControl "180+2"]
[EndTime "14:40:46 PST"]
[Termination "tteshan won by resignation"]

1. d4 Nf6 2. c4 e6 3. Nc3 Bb4 4.
e3 c5 5. Ne2 cxd4 6. exd4 d5 7.
a3 Be7 8. c5 O-O 9. Nf4 a5 10.
Bb5 Ne4 11. O-O b6 12. Nxe4 dxe4 13. c6 Bf6 14. Qc2 Qxd4 15. c7 Na6 16. Qc6 Ra7 17. Be3 Rxc7 18. Bxd4 Rxc6 19. Bxf6 Rc5 20. Be7 Rxb5 21.
Bxf8 Kxf8 22. Rac1 Nc5 23. Rc2 Rb3 24. Rd1 Ke7 25. h4 Ba6 26. Nh5 g6 27. Ng3 Bd3 28.
Rcd2 f5 29. Ne2 Na4 30. Nc1 Rxb2 31. Nxd3 Rxd2 32. Rxd2 exd3 33. Rxd3 Nc5 34. Rd1 e5 35. Kf1 Ke6 36. Ke2 Ne4 37. Ke3 Nc3 38. Rd8 Nd5+ 39. Kd2 b5 40. Ra8 b4 41. Rxa5 bxa3 42. Rxa3 e4 43. Ra6+ Ke5 44. Ra7 h6 45. Ra6 Nf4 46. g3 Ne6 47. Ke3 g5 48. h5 f4+ 49.
Kd2 Kf5 50. g4+ Kxg4 51. Rxe6 Kxh5 52. Rxe4 Kg4 53. Ke2 h5 54. Kf1 Kf3 55. Re5 Kg4 56. Kg2 f3+ 57. Kh2 Kh4 58. Ra5 g4 59. Rd5 g3+ 60.
fxg3+ Kg4 61. Rd4+ Kg5 62. Rf4 1-0

[Event "*** Titled Tuesday Blitz"]
[Site "Chess.com"]
[Date "2019.01.01"]
[Round "7"]
[White "Manukyan_Artak"]
[Black "oskariot"]
[Result "0-1"]
[WhiteElo "2389"]
[BlackElo "2559"]
[TimeControl "180+2"]
[EndTime "14:40:47 PST"]
[Termination "oskariot won by resignation"]

1. e4 e6 2. d4 d5 3. e5 c5 4.
c3 Nc6 5. Nf3 Qb6 6. a3 a5 7. a4 cxd4 8. cxd4 Bd7 9. Nc3 Bb4 10.
Bb5 Nge7 11. O-O O-O 12. Be3 Rac8 13. Rc1 Nf5 14. Bd3 Nxe3 15. fxe3 Be7 16. Nb5 Nb4 17. Be2 Rxc1 18. Qxc1 Rc8 19. Qb1 Nc2 20. Kf2 Nb4 21. Rc1 h6 22. Rxc8+ Bxc8 23. Qc1 Bd7 24.
g3 g6 25. h4 Kg7 26. Ne1 f6 27. Nf3 f5 28. Ne1 g5 29. hxg5 hxg5 30. Qc3 Bc6 31. Nc2 Qd8 32. Nxb4 Bxb4 33. Qc1 Qh8 34. Qg1 g4 35. Bf1 Qh6 36. Ke2 Bxb5+ 37. axb5 Kg6 38. Qf2 Qh8 39. Qf4 Qc8 40. Kf2 Qc2+ 41. Be2 Qxb2 42. e4 Qxd4+ 43. Qe3 Qxe3+ 44. Kxe3 Bc5+ 45. Kf4 dxe4 46. Bc4 Kf7 47. Bb3 b6 48. Kg5 Be3+ 49. Kh4 Bf2 50.
Bd1 Be1 51. Bb3 Bc3 52. Kg5 Bxe5 0-1